 Dungeon Crawl Stone Soup version 0.31-a0-237-g2d982f9f85 (webtiles) character file.

Game seed: 11477335962791777415

108 qw the Shooter (level 4, -3/26 HPs)
             Began as a Gargoyle Hexslinger on July 11, 2023.
             Slain by a gnoll bouda
             ... wielding a +0 whip
              (9 damage)
             ... on level 4 of the Dungeon.
             The game lasted 00:00:54 (2123 turns).

qw the Shooter (Gargoyle Hexslinger)                Turns: 2123, Time: 00:00:55

Health: -3/26      AC:  5    Str: 12    XL:     4   Next: 87%
Magic:  5/5        EV: 12    Int: 13    God:
Gold:   166        SH:  5    Dex: 14    Spells: 4/5 levels left

rFire   . . .        Y - +2 sling
rCold   . . .        (no shield)
rNeg    + . .        c - +0 robe
rPois   inf          (no helmet)
rElec   +            (no cloak)
rCorr   .            (no gloves)
SInv    .            (no boots)
Will    .....        j - amulet of reflection
Stlth   +            (no ring)
HPRegen 0.24/turn    (no ring)
MPRegen 0.09/turn

%: reflection
@: about to teleport
A: sickness immunity, AC +3, negative energy resistance 1, electricity
resistance, torment resistance 1, petrification resistance
a: no special abilities


You were on level 4 of the Dungeon.
You visited 1 branch of the dungeon, and saw 4 of its levels.

You collected 166 gold pieces.


Innate Abilities, Weirdness & Mutations

You are immune to sickness and miasma.
Your stone body is resilient. (AC +3)
You are immune to poison.
You resist negative energy. (rN+)
You are resistant to electric shocks. (rElec)
You are resistant to unholy torment.
You are immune to petrification.


   Skills:
 - Level 2.2 Fighting
 + Level 4.5 Ranged Weapons
 - Level 1.5 Dodging
 - Level 1.0 Spellcasting
 - Level 2.6 Hexes


You had 4 spell levels left.
You knew the following spells:

 Your Spells              Type           Power      Damage    Failure   Level
a - Slow                  Hex            28%        N/A       10%         1

Your spell library contained the following spells:

 Spells                   Type           Power      Damage    Failure   Level
 Inner Flame              Hex/Fire       4%         N/A       43%         3
 Portal Projectile        Hex/Tloc       8%         N/A       43%         3
 Cause Fear               Hex            3%         N/A       67%         4

Inventory:

Hand Weapons
 Y - a +2 sling (weapon)
Armour
 c - a +0 robe (worn)
Jewellery
 j - an amulet of reflection (around neck)
Scrolls
 a - a scroll of identify
Potions
 f - a potion of magic {unknown}
 g - a potion of mutation {unknown}
 k - a potion of brilliance {unknown}

Dungeon Overview and Level Annotations

Branches:
Dungeon (4/15)
 Temple: D:4-7

Altars:
Dithmenos
Trog
Uskayaw


Message History

You feel as though you will be weak longer.
You shoot a sling bullet. The sling bullet hits the gnoll bouda.
The gnoll bouda is moderately wounded.
You shoot a sling bullet.
The sling bullet barely misses the gnoll bouda.
The sling bullet hits the gnoll.
You kill the gnoll!
The gnoll bouda closely misses you.
You shoot a sling bullet. The sling bullet hits the gnoll bouda.
The gnoll bouda is moderately wounded.
The gnoll bouda closely misses you.
You shoot a sling bullet. The sling bullet hits the gnoll bouda.
The gnoll bouda is heavily wounded.
You block the gnoll bouda's attack.
The gnoll bouda hits you with a +0 whip!
You shoot a sling bullet. The sling bullet hits the gnoll bouda.
The gnoll bouda is heavily wounded.
The gnoll bouda completely misses you.
You shoot a sling bullet.
The sling bullet barely misses the gnoll bouda.
The sling bullet hits the gnoll.
The gnoll is moderately wounded.
The gnoll bouda barely misses you.
You shoot a sling bullet. The sling bullet hits the gnoll bouda.
The gnoll bouda is almost dead.
Your attacks no longer feel as feeble.
The gnoll is no longer moving quickly.
The gnoll bouda hits you with a +0 whip.
2122 ||| READING scroll of teleportation.
As you read the scroll of teleportation, it crumbles to dust.
You feel strangely unstable.
The gnoll is no longer moving quickly.
The gnoll bouda barks out a call to the hunt!
The gnolls pick up the pace!
You shoot a sling bullet.
The sling bullet closely misses the gnoll bouda.
The sling bullet hits the gnoll but does no damage.
The gnoll is moderately wounded.
The gnoll bouda hits you with a +0 whip!
You die...

#.......##
#.........
##........
#........ #
#####........ #.
#............
#.####.###........
#...<..# #........
####@### ####+####
#g#


#gg #.#g #.#.# ..# . .## #. # .# You could see a gnoll bouda and 3 gnolls.

Vanquished Creatures
  A gnoll (D:4)
  3 adders
  2 worms
  4 orcs
  4 ball pythons
  2 bats
  5 endoplasms
  A giant cockroach (D:1)
  8 goblins
  6 hobgoblins
  3 kobolds
  6 quokkas
  5 frilled lizards
  8 rats
58 creatures vanquished.

Vanquished Creatures (others)
  A wizard (D:3)
1 creature vanquished.

Grand Total: 59 creatures vanquished

Notes
Turn   | Place    | Note
-------+----------+-------------------------------------------
     0 | D:1      | qw the Gargoyle Hexslinger began the quest for the Orb.
     0 | D:1      | Reached XP level 1. HP: 12/12 MP: 2/2
     0 | D:1      | 0 ||| qw: Version: 0.3-a-52-g30416fa
     0 | D:1      | 0 ||| qw: Game counter: 5558
     0 | D:1      | 0 ||| qw: Melee chars always use a shield: true
     0 | D:1      | 0 ||| qw: God list: Okawaru
     0 | D:1      | 0 ||| qw: Allow faded altars: false
     0 | D:1      | 0 ||| qw: Do Orc after clearing Dungeon:15 true
     0 | D:1      | 0 ||| qw: Do second Lair branch before Depths: true
     0 | D:1      | 0 ||| qw: Lair rune preference: random
     0 | D:1      | 0 ||| qw: Goals: Normal
     0 | D:1      | 0 ||| PLANNING D:1-11
   337 | D:1      | Reached XP level 2. HP: 16/16 MP: 3/3
   759 | D:1      | 759 ||| READING 3 scrolls labelled OLUILI ISERPH.
   760 | D:1      | 760 ||| READING scroll labelled MUFEPH RURO.
   761 | D:1      | 761 ||| READING scroll labelled TUIRPH EMEST.
   764 | D:1      | 764 ||| READING scroll labelled OVYEST MAHIZOARGH.
   765 | D:1      | 765 ||| READING 2 scrolls of identify.
   765 | D:1      | 765 ||| IDENTIFYING clear potion
   766 | D:1      | 766 ||| DROPPING scroll of poison.
   811 | D:2      | Reached skill level 3 in Ranged Weapons
   880 | D:2      | Reached XP level 3. HP: 13/21 MP: 4/4
  1241 | D:2      | Reached XP level 4. HP: 26/26 MP: 5/5
  1324 | D:2      | 1324 ||| UPGRADING to amulet of reflection.
  1329 | D:2      | 1329 ||| READING scroll labelled HUILEU PATI.
  1330 | D:2      | 1330 ||| READING scroll labelled HEANUI QEYS.
  1331 | D:2      | 1331 ||| DRINKING 2 fuming dark potions.
  1380 | D:2      | 1380 ||| DROPPING potion of lignification.
  1400 | D:3      | 1400 ||| STAIRDANCE
  1488 | D:3      | Reached skill level 4 in Ranged Weapons
  1586 | D:3      | Found a hide-covered altar of Uskayaw.
  1876 | D:3      | Found a shadowy altar of Dithmenos.
  1913 | D:3      | Found a bloodstained altar of Trog.
  1914 | D:3      | Noticed a wizard
  1920 | D:3      | Killed a wizard
  2047 | D:3      | 2047 ||| READING scroll labelled JUAKUQAABI.
  2048 | D:3      | 2048 ||| READING scroll labelled BOWNUOTA DESMU.
  2102 | D:4      | HP: 3/26 [iguana (4)]
  2103 | D:4      | 2103 ||| READING 2 scrolls of teleportation.
  2104 | D:4      | 2104 ||| DRINKING potion of heal wounds.
  2121 | D:4      | HP: 6/26 [gnoll bouda/+0 whip (4)]
  2122 | D:4      | 2122 ||| READING scroll of teleportation.
  2123 | D:4      | Slain by a gnoll bouda

Levels and vault maps discovered:
D:1:      dpeg_arrival_erosion, layout_loops_ring,
          hangedman_decor_clover_reticule, item_on_display_a
D:2:      layout_rooms, kennysheep_cluttered_room
D:3:      layout_rooms, lemuel_tele_altar, trog_wizard,
          nicolae_dithmenos_the_darkroom, kennysheep_generic_room_8
D:4:      wad_crossroads, layout_basic, gammafunk_ghost_grave

Skill      XL: |  1  2  3  4 |
---------------+-------------+-----
Ranged Weapons | 3 4 |  4.5
Fighting       | 2 |  2.2
Dodging        | |  1.5
Spellcasting   | |  1.0
Hexes          | |  2.6

Action                     |  1- 3 |  4- 6 || total
---------------------------+-------+-------++-------
   Fire: Sling             |   115 |   110 ||   225
    Use: Scroll            |     5 |     6 ||    11
         Potion            |       |     2 ||     2
 Armour: Robe              |    30 |    11 ||    41
  Dodge: Dodged            |    71 |    49 ||   120
  Block: Other             |       |    20 ||    20

Table legend:
 A = Non-vault XP
 B = Vault XP
 C = Vault XP percentage of total XP
 D = Non-vault monster count
 E = Vault monster count
 F = Vault count percentage of total count
                 A         B        C        D         E       F
            +---------+---------+-------+---------+---------+-------
      Total |     153 |       2 |   1.3 |      57 |       1 |   1.7
            +---------+---------+-------+---------+---------+-------
        D:1 |      18 |       0 |   0.0 |      11 |       0 |   0.0
        D:2 |      76 |       0 |   0.0 |      28 |       0 |   0.0
        D:3 |      44 |       2 |   4.3 |      17 |       1 |   5.6
        D:4 |      15 |       0 |   0.0 |       1 |       0 |   0.0
            +---------+---------+-------+---------+---------+-------
